 Dungeon Crawl Stone Soup version 0.27-a0-1416-g941b2bd30b (webtiles) character file.

Game seed: 6568392178718624073

4200 octoduck the Destroyer (level 10, -12/50 HPs)
             Began as a Deep Elf Conjurer on July 2, 2021.
             Was a Follower of Vehumet.
             Killed by an exploding fulminant prism (19 damage)
             ... on level 8 of the Dungeon.
             The game lasted 01:01:58 (15906 turns).

octoduck the Destroyer (Deep Elf Conjurer)         Turns: 15906, Time: 01:01:58

Health: -12/50     AC:  5    Str:  5    XL:     10   Next: 8%
Magic:  2/16       EV: 16    Int: 30    God:    Vehumet [*.....]
Gold:   405        SH:  5    Dex: 14    Spells: 2/15 levels left

rFire    + + +     SeeInvis .   x - +4 dagger "Morg" {pain, Will+ Int+5}
rCold    + . .     Faith    .   (no shield)
rNeg     . . .     Spirit   .   v - +2 robe {rC+ rF+}
rPois    .         Reflect  +   (no helmet)
rElec    +         Harm     .   (no cloak)
rCorr    +         Rampage  .   p - +0 pair of gloves
Will     ++...                  (no boots)
Stlth    ++++......             n - amulet of Hywor {Reflect rElec rF++ SH+5}
HPRegen  0.16/turn              h - ring of resist corrosion
MPRegen  0.15/turn              (no ring)

@: about to teleport, marked
A: no striking features
a: Renounce Religion


You were on level 8 of the Dungeon.
You worshipped Vehumet.
Vehumet was aware of your devotion.
You visited 2 branches of the dungeon, and saw 9 of its levels.

You collected 405 gold pieces.

Inventory:

Hand Weapons
 g - a +1 spectral quarterstaff
 x - the +4 dagger "Morg" (weapon) {pain, Will+ Int+5}
   (You acquired it on level 6 of the Dungeon)

   In the hands of one skilled in necromantic magic, it inflicts extra damage on
   living creatures.
   Int:       It affects your intelligence (+5).
   Will:      It increases your willpower.
Armour
 p - a +0 pair of gloves (worn)
 r - +0 steam dragon scales
 u - a +0 buckler
 v - a +2 robe of resistance (worn)
 y - the +7 chain mail "Xedynn" {rC- Will++ Str+2 SInv}
   (You found it on level 7 of the Dungeon)

   Str:       It affects your strength (+2).
   rC:        It makes you vulnerable to cold.
   SInv:      It lets you see invisible.
   Will:      It greatly increases your willpower.
Magical Staves
 q - a staff of conjuration
Jewellery
 a - a ring of flight
 c - an amulet of regeneration
 h - a ring of resist corrosion (left hand)
 n - the amulet of Hywor (around neck) {Reflect rElec rF++ SH+5}
   (You found it on level 5 of the Dungeon)

   [amulet of reflection]

   It reflects blocked missile attacks.
   rF:        It greatly protects you from fire.
   rElec:     It insulates you from electricity.
   SH:        It affects your SH (+5).
Wands
 i - a wand of paralysis (14)
 o - a wand of iceblast (27)
Scrolls
 d - 2 scrolls of identify
 e - 2 scrolls of vulnerability
 m - a scroll of teleportation
Potions
 b - a potion of curing
 f - a potion of degeneration
 j - 3 potions of heal wounds
 k - a potion of lignification
 l - a potion of might
 t - a potion of attraction
 w - a potion of mutation {unknown}
Miscellaneous
 s - a phial of floods


   Skills:
 + Level 8.5 Dodging
 + Level 7.9 Stealth
 - Level 3.0 Spellcasting
 - Level 10.0 Conjurations
 - Level 8.7 Hexes
 - Level 5.0 Poison Magic


You had 2 spell levels left.
You knew the following spells:

 Your Spells              Type           Power      Damage    Failure   Level
a - Magic Dart            Conj           100%       1d8       1%          1
b - Dazzling Flash        Conj/Hex       100%       N/A       1%          3
c - Ensorcelled Hibernat  Hex/Ice        60%        N/A       1%          2
d - Fulminant Prism       Conj/Hex       28%        3d14      1%          4
e - Mephitic Cloud        Conj/Pois/Air  34%        N/A       2%          3

Your spell library contained the following spells:

 Spells                   Type           Power      Damage    Failure   Level
 Sandblast                Erth           8%         2d5       7%          1
 Corona                   Hex            60%        N/A       1%          1
 Searing Ray              Conj           100%       3d7       1%          2
 Corpse Rot               Necr/Air       N/A        N/A       11%         2
 Tukima's Dance           Hex            54%        N/A       1%          3
 Stone Arrow              Conj/Erth      68%        3d11      2%          3
 Spider Form              Tmut/Pois      9%         N/A       8%          3
 Iskenderun's Mystic Bla  Conj/Tloc      34%        2d8       9%          4
 Ignite Poison            Fire/Tmut/Pois 14%        N/A       11%         3
 Irradiate                Conj/Tmut      17%        3d19      26%         5
 Bolt of Magma            Conj/Fire/Erth 12%        4d8       45%         5
 Animate Armour           Summ/Erth      8%         N/A       56%         4
 Dispel Undead            Necr           4%         3d7       56%         4
 Blade Hands              Tmut           2%         N/A       89%         5
 Lee's Rapid Deconstruct  Erth           2%         3d5*      89%         5
 Death Channel            Necr           2%         N/A       100%        6
 Shadow Creatures         Summ           N/A        N/A       100%        6
 Dragon Form              Tmut           2%         N/A       100%        7
 Lehudib's Crystal Spear  Conj/Erth      17%        10d5      100%        8


Dungeon Overview and Level Annotations

Branches:
Dungeon (8/15)             Temple (1/1) D:4
   Lair: D:8-11

Altars:
Ashenzari
Fedhas
Hepliaklqana
Nemelex Xobeh
Okawaru
Qazlal
Sif Muna
Uskayaw
Vehumet
Wu Jian
Zin
The Shining One

Shops:
D:7 (

Annotations:
D:8 2 transporters, Harold; louisi3's ghost, novice GnWn


Message History

Harold is nearby!
Casting: Fulminant Prism (dangerous; 1% risk of failure)
Confirm with . or Enter, or press ? or * to list all spells.
Okay, then.
Casting: Fulminant Prism (dangerous; 1% risk of failure)
Confirm with . or Enter, or press ? or * to list all spells.
Aiming: Fulminant Prism (dangerous; 1% risk of failure)
Press: ? - help, Dir - move target You conjure a prism of explosive energy!
A fulminant prism comes into view.
Harold throws a throwing net.
The throwing net misses you.
Your fulminant prism crackles loudly.
Casting: Fulminant Prism (dangerous; 1% risk of failure)
Confirm with . or Enter, or press ? or * to list all spells.
Aiming: Fulminant Prism (dangerous; 1% risk of failure)
Press: ? - help, Dir - move target You conjure a prism of explosive energy!
A fulminant prism comes into view.
Harold fires a harpoon shot at you. The harpoon shot hits you!
You are yanked forward by the harpoon shot.
Your fulminant prism explodes!
The blast of energy engulfs you!!
Ouch! That really hurt!
* * * LOW HITPOINT WARNING * * *
The blast of energy engulfs Harold!!
Harold is moderately wounded.
Your fulminant prism moves out of view.
Press: ? - help, v - describe, . - travel The floor.
As you read the scroll of teleportation, it crumbles to dust.
You feel strangely unstable.
Harold points at you and mumbles some strange words.
A sentinel's mark forms upon you.
You hear a loud crackle.
Your fulminant prism explodes!
The blast of energy engulfs Harold!!
Harold is severely wounded.
The blast of energy engulfs you!!
You die...

........#############......(...
................................#
..........######.....##..........
..........# #...#..............
..........### #..#####..)........
............###...# #............
.............#..## ##...(........
.................###....)........
........##.....@@>.)<#.........#.
.........#.....##..[##.........##
...........#........##.........##
....##.....##...................#
............#.##..(#.............
##....##.#.#...##.##.............
##..#..#####..##........#.##.....
....#)....#............##........
...##..#..#......................


You could see Harold.

Vanquished Creatures
  A hydra (D:7)
  Pikel (D:7)
  Psyche (D:8)
  Grinder (D:6)
  A steam dragon (D:7)
  2 water moccasins (D:7)
  2 ice beasts
  2 black bears
  2 ogres
  An orc warrior (D:7)
  3 centaurs
  A kobold brigand (D:8)
  3 lemures
  A scorpion (D:6)
  2 bullfrogs (D:7)
  A water moccasin skeleton (D:5)
  6 killer bees (D:8)
  4 wights
  A howler monkey (D:4)
  A bullfrog zombie (D:6)
  2 centaur zombies (D:8)
  3 hounds
  A jelly (D:8)
  2 orc priests (D:6)
  3 centaur skeletons
  3 orc wizards
  2 iguanas
  A hound zombie (D:5)
  10 adders
  3 white imps
  An ufetubus (D:5)
  3 worms
  2 dart slugs
  18 orcs
  4 bats
  8 endoplasms
  4 giant cockroaches
  4 goblins
  11 hobgoblins
  18 jackals
  10 kobolds
  6 quokkas
  8 ball pythons
  4 frilled lizards
  3 goblin skeletons (D:3)
  A goblin zombie (D:3)
  2 hobgoblin zombies (D:3)
  An orc zombie (D:3)
  A rat (D:2)
176 creatures vanquished.

Vanquished Creatures (others)
  43 fulminant prisms
43 creatures vanquished.

Grand Total: 219 creatures vanquished

Notes
Turn   | Place    | Note
-------+----------+-------------------------------------------
     0 | D:1      | octoduck the Deep Elf Conjurer began the quest for the Orb.
     0 | D:1      | Reached XP level 1. HP: 10/10 MP: 6/6
   284 | D:1      | Reached XP level 2. HP: 15/15 MP: 5/8
   375 | D:1      | Reached skill level 5 in Conjurations
   954 | D:1      | You fall into a shaft and drop 1 floor!
  1310 | D:2      | Reached XP level 3. HP: 19/19 MP: 3/9
  1669 | D:1      | Learned a level 3 spell: Dazzling Flash
  1835 | D:2      | Reached skill level 1 in Hexes
  2141 | D:2      | You fall into a shaft and drop 2 floors!
  2151 | D:4      | Reached skill level 6 in Conjurations
  2151 | D:4      | Reached XP level 4. HP: 19/24 MP: 1/10
  3287 | D:3      | Reached XP level 5. HP: 23/28 MP: 1/11
  3430 | D:3      | Found a glowing golden altar of the Shining One.
  3752 | D:3      | Found a glowing silver altar of Zin.
  3752 | D:3      | Noticed an angel
  3999 | D:3      | Noticed a black bear
  4029 | D:2      | Learned a level 2 spell: Ensorcelled Hibernation
  4644 | D:4      | Found a staircase to the Ecumenical Temple.
  4653 | Temple   | Entered the Ecumenical Temple
  4722 | Temple   | Became a worshipper of Vehumet
  5165 | D:4      | Noticed an ogre
  5287 | D:5      | Entered Level 5 of the Dungeon
  5437 | D:5      | Noticed a black bear
  5753 | D:5      | Reached skill level 7 in Conjurations
  5753 | D:5      | Reached XP level 6. HP: 32/32 MP: 5/12
  5815 | D:5      | Noticed a wraith
  6353 | D:4      | Identified the +0 leather armour of Dogmatism {+Inv Will-
                  | Int+3 Dex+4}
  6780 | D:5      | Reached skill level 5 in Hexes
  7487 | D:5      | Noticed an ice beast
  7609 | D:5      | Reached XP level 7. HP: 36/36 MP: 6/13
  7792 | D:3      | Reached skill level 8 in Conjurations
  8612 | D:5      | Identified the amulet of Hywor {Reflect rElec rF++ SH+5}
  9570 | D:5      | Learned a level 4 spell: Fulminant Prism
  9766 | D:6      | Noticed Grinder
 10509 | D:6      | Reached XP level 8. HP: 30/41 MP: 1/14
 10684 | D:6      | Reached skill level 9 in Conjurations
 10769 | D:6      | Killed Grinder
 10832 | D:6      | Learned a level 3 spell: Mephitic Cloud
 11046 | D:6      | Reached skill level 1 in Poison Magic
 11323 | D:7      | Noticed Pikel
 11372 | D:7      | Identified the +7 chain mail "Xedynn" {rC- Will++ Str+2
                  | SInv}
 11720 | D:6      | Reached skill level 10 in Conjurations
 12519 | D:6      | Reached XP level 9. HP: 32/45 MP: 4/15
 12681 | D:6      | Identified a scroll of acquirement
 12681 | D:6      | Acquired the +4 dagger "Morg" {pain, Will+ Int+5}
 12682 | D:6      | Found the +4 dagger "Morg" {pain, Will+ Int+5}
 13077 | D:7      | Reached skill level 5 in Poison Magic
 13221 | D:7      | Found a hide-covered altar of Uskayaw.
 13288 | D:7      | Found Suhy's Weapon Boutique.
 13321 | D:7      | Noticed a four-headed hydra
 13726 | D:7      | Reached skill level 5 in Dodging
 13956 | D:7      | HP: 2/45 [poisoned by a killer bee]
 14293 | D:7      | Killed Pikel
 14454 | D:7      | Reached skill level 5 in Stealth
 14771 | D:7      | Killed a four-headed hydra
 14875 | D:8      | Noticed Psyche
 14875 | D:8      | Reached * piety under Vehumet
 14875 | D:8      | Offered knowledge of Sandblast by Vehumet.
 15298 | D:8      | Reached XP level 10. HP: 44/50 MP: 11/16
 15303 | D:8      | Killed Psyche
 15481 | D:8      | Noticed Harold
 15680 | D:8      | Found a transporter.
 15680 | D:8      | Noticed louisi3's ghost (novice GnWn)
 15688 | D:8      | Found a transporter.
 15906 | D:8      | Killed by an exploding fulminant prism

Illustrated notes

Levels and vault maps discovered:
D:1:      dpeg_arrival_simpleton_a, layout_basic
D:2:      layout_loops_cross, kennysheep_doodads, hangedman_decor_push
D:3:      layout_basic, nicolae_tso_besieged_by_evil, zin_angel, serial_glass,
          glass_columns_b, glass_columns_a, glass_columns_a, glass_columns_a
D:4:      minmay_clustersquares, layout_basic,
          minmay_temple_entry_statues_pillars
D:5:      layout_layer_cave, serial_bayou_pond_e, minmay_fractal_squares_5
D:6:      layout_loops_corners, minmay_statues_item,
          chequers_serial_rivers_large_a, kennysheep_generic_room_11,
          uniq_grinder
D:7:      layout_loops_ring, general_overflow_altar, serial_shops,
          nicolae_lakefront_shop, uniq_pikel
D:8:      layout_cave_pools, gammafunk_ghost_mausoleum, uniq_harold, uniq_psyche
Temple:   minmay_crystal_spiral_temple

Skill      XL: |  1  2  3  4  5  6  7  8  9 |
---------------+----------------------------+-----
Conjurations   | 5 6 7 8 10 | 10.0
Hexes          | 2 3 4 5 7 8 |  8.7
Poison Magic   | 4 5 |  5.0
Dodging        | 4 8 |  8.5
Stealth        | 7 |  7.9
Spellcasting   | |  3.0

Action                   |  1- 3 |  4- 6 |  7- 9 | 10-12 || total
-------------------------+-------+-------+-------+-------++-------
Melee: Dagger            |     1 |       |    51 |     1 ||    53
       Quarterstaff      |       |    10 |    47 |       ||    57
       Staff             |       |     2 |       |       ||     2
 Cast: Magic Dart        |    83 |   180 |   178 |     5 ||   446
       Dazzling Flash    |       |    12 |    23 |       ||    35
       Ensorcelled Hiber |       |    12 |    10 |       ||    22
       Fulminant Prism   |       |       |    36 |     7 ||    43
       Mephitic Cloud    |       |       |     5 |     2 ||     7
Evoke: Wand              |       |     1 |     5 |       ||     6
       Phial of floods   |       |       |     1 |       ||     1
  Use: Scroll            |     3 |     5 |    13 |     1 ||    22
 Stab: Confused          |       |       |     1 |       ||     1
       Invisible         |       |       |     1 |       ||     1
Armor: Robe              |     2 |    11 |    29 |     1 ||    43
Dodge: Dodged            |     9 |    60 |   125 |     5 ||   199
Block: Other             |       |       |    29 |       ||    29
       Reflection        |       |       |     4 |       ||     4

Table legend: (Time is in decaauts)
 A = Elapsed time spent in this place.
 B = Non-inter-level travel time spent in this place.
 C = Inter-level travel time spent in this place.
 D = Time resting spent in this place.
 E = Time spent auto-exploring this place.
 F = Levels seen in this place.
 G = Mean time per level.
                   A        B        C        D        E       F      G
               +--------+--------+--------+--------+--------+-----+--------+
         Total |  15991 |  14013 |   1978 |   5203 |   4862 |   9 | 1776.8 |
       Dungeon |  15883 |  13942 |   1941 |   5203 |   4801 |   8 | 1985.4 |
        Temple |    107 |     70 |     37 |      0 |     61 |   1 |  107.0 |
               +--------+--------+--------+--------+--------+-----+--------+

Top non-repeatable levels by time:
     D:7: 3146 daAuts
     D:6: 3015 daAuts
     D:5: 2281 daAuts
     D:4: 2039 daAuts
     D:3: 1996 daAuts
     D:2: 1590 daAuts
     D:1: 1321 daAuts
     D:8: 492 daAuts
  Temple: 107 daAuts
